 Dungeon Crawl Stone Soup version 0.29-a0-559-g359e09b9d1 (webtiles) character file.

Game seed: 18099770066372883024

1385 kae the Firebug (level 8, -3/46 HPs)
             Began as a Deep Elf Fire Elementalist on June 9, 2022.
             Slain by an ogre
             ... wielding a +0 giant spiked club
              (36 damage)
             ... on level 5 of the Dungeon.
             The game lasted 00:03:34 (6602 turns).

kae the Firebug (Deep Elf Fire Elementalist)        Turns: 6602, Time: 00:03:34

Health: -3/46      AC:  3    Str:  6    XL:     8   Next: 40%
Magic:  0/18       EV: 12    Int: 24    God:
Gold:   42         SH: 10    Dex: 22    Spells: 5/18 levels left

rFire   . . .      SeeInvis +   u - +2 short sword (vamp)
rCold   . . .      Faith    .   j - +0 kite shield
rNeg    . . .      Spirit   .   a - +0 robe
rPois   .          Reflect  .   (no helmet)
rElec   .          Harm     .   (no cloak)
rCorr   .          Rampage  .   (no gloves)
Will    .....                   (no boots)
Stlth   +++.......              (no amulet)
HPRegen 0.15/turn               i - +6 ring of dexterity
MPRegen 0.16/turn               m - ring of the Octopus King {AC+1 EV+1 Str+1 Int+1 Dex+1 SInv}

@: no status effects
A: no striking features
a: no special abilities


You were on level 5 of the Dungeon.
You visited 1 branch of the dungeon, and saw 5 of its levels.

You collected 207 gold pieces.
You spent 165 gold pieces at shops.

Inventory:

Hand Weapons
 g - a +0 short sword
 u - a +2 vampiric short sword (weapon)
Armour
 a - a +0 robe (worn)
 j - a +0 kite shield (worn)
Jewellery
 i - a +6 ring of dexterity (left hand)
 m - a ring of the Octopus King (right hand) {AC+1 EV+1 Str+1 Int+1 Dex+1 SInv}
   (You found it on level 2 of the Dungeon)

   [ring of see invisible]

   AC:        It affects your AC (+1).
   EV:        It affects your evasion (+1).
   Str:       It affects your strength (+1).
   Int:       It affects your intelligence (+1).
   Dex:       It affects your dexterity (+1).
   SInv:      It lets you see invisible.
 y - a ring of willpower
 z - a ring of poison resistance
Wands
 s - a wand of polymorph (5)
 C - a wand of paralysis (2)
Scrolls
 f - 6 scrolls of identify {unknown}
 h - 2 scrolls of silence {unknown}
 l - 2 scrolls of fear {unknown}
 n - a scroll of brand weapon {unknown}
 o - a scroll of immolation {unknown}
 p - 2 scrolls of enchant armour {unknown}
 r - a scroll of acquirement {unknown}
 v - a scroll of noise {unknown}
 w - a scroll of amnesia {unknown}
 x - 2 scrolls of magic mapping {unknown}
 B - 2 scrolls of teleportation {unknown}
 D - a scroll of enchant weapon {unknown}
 E - a scroll of torment {unknown}
Potions
 b - a potion of magic
 c - 2 potions of might {unknown}
 d - 2 potions of flight {unknown}
 e - 3 potions of heal wounds {unknown}
 k - 3 potions of mutation {unknown}
 q - a potion of degeneration {unknown}
 t - a potion of curing {unknown}
 A - 3 potions of haste {unknown}


   Skills:
 + Level 3.0 Fighting
 - Level 2.4 Dodging
 - Level 2.4 Stealth
 + Level 2.9 Shields
 + Level 5.9 Spellcasting
 * Level 6.0 Conjurations
 * Level 6.9 Fire Magic


You had 5 spell levels left.
You knew the following spells:

 Your Spells              Type           Power      Damage    Failure   Level
a - Foxfire               Conj/Fire      100%       2x1d9     1%          1
b - Scorch                Fire           80%        2d9       2%          2
c - Conjure Flame         Conj/Fire      38%        6-21      4%          3
d - Inner Flame           Hex/Fire       23%        N/A       19%         3
e - Flame Wave            Conj/Fire      38%        2d9       17%         4

Your spell library contained the following spells:

 Spells                   Type           Power      Damage    Failure   Level
 Lightning Bolt           Conj/Air       10%        1d23      89%         5
 Airstrike                Air            3%         N/A       94%         4
 Summon Lightning Spire   Summ/Air       7%         N/A       94%         4


Dungeon Overview and Level Annotations

Branches:
Dungeon (5/15)             Temple (0/1) D:4

Altars:
Elyvilon
The Shining One

Shops:
D:5 *

Annotations:
D:2 exclusion: downstairs
D:4 Eustachio


Message History

An ogre comes into view. It is wielding a +0 giant spiked club.
An ogre is nearby!
An ogre is nearby!
Casting: Scorch (safe; 2% risk of failure)
Confirm with . or Enter, or press ? or * to list all spells.
You conjure some foxfire!
The foxfire hits the ogre.
The ogre is lightly wounded.
The foxfire hits the ogre.
The ogre is moderately wounded.
An ogre comes into view. It is wielding a +0 giant spiked club.
The ogre shouts!
Casting: Foxfire (safe; 1% risk of failure)
Confirm with . or Enter, or press ? or * to list all spells.
You conjure some foxfire!
The foxfire hits the ogre but does no damage.
The ogre is moderately wounded.
The foxfire hits the ogre but does no damage.
The ogre is moderately wounded.
Casting: Foxfire (safe; 1% risk of failure)
Confirm with . or Enter, or press ? or * to list all spells.
Flames lash the ogre.
The ogre is severely wounded.
The ogre's fire resistance burns away.
You hear a bark!
The ogre closely misses you.
Casting: Scorch (safe; 2% risk of failure)
Confirm with . or Enter, or press ? or * to list all spells.
Flames lash the ogre.
The ogre is burned terribly!
The ogre is almost dead.
You block the ogre's attack. The ogre closely misses you.
The ogre hits you with a +0 giant spiked club!
Casting: Scorch (safe; 2% risk of failure)
Confirm with . or Enter, or press ? or * to list all spells.
Flames lash the ogre.
The ogre is moderately wounded.
The ogre's fire resistance burns away.
The ogre hits you with a +0 giant spiked club!!!
Ouch! That really hurt!
You die...

....................# #..........
........#.#..##############.#####
........#.#..# #... #.#####
..........#..# #..# #.#....
.......####..# #..# #)#.###
.......# #..###..# #......
.......####...#..# #......
................## #......
......###.#+###.@# #......
......# #.....##OO# #.....#
......# #.... .#..# #.....#
..###.# #.... ## #..# #[....#
......# #.#.# #... #.#.###
#.#.#)# #.#.# ### ########...###
#.#.#)###.#.####.#####...........
#...)............................
....).......................>####


You could see 2 ogres.

Vanquished Creatures
  Grinder (D:3)
  A water moccasin (D:4)
  An ice beast (D:5)
  2 ogres
  A centaur (D:5)
  A gnoll sergeant (D:5)
  2 howler monkeys (D:4)
  A jelly (D:5)
  2 hounds
  Jessica (D:2)
  Ijyb (D:3)
  2 iguanas
  An orc wizard (D:4)
  15 gnolls
  11 adders
  A shadow imp (D:5)
  A white imp (D:5)
  An ufetubus (D:5)
  3 dart slugs
  6 orcs
  12 ball pythons
  8 endoplasms
  3 giant cockroaches (D:1)
  10 goblins
  12 hobgoblins
  6 jackals (D:2)
  8 quokkas
  4 bats
  6 frilled lizards
  8 kobolds
  7 rats
139 creatures vanquished.

Vanquished Creatures (others)
  425 foxfires
425 creatures vanquished.

Grand Total: 564 creatures vanquished

Notes
Turn   | Place    | Note
-------+----------+-------------------------------------------
     0 | D:1      | kae the Deep Elf Fire Elementalist began the quest for the
                  | Orb.
     0 | D:1      | Reached XP level 1. HP: 10/10 MP: 6/6
   141 | D:1      | Reached XP level 2. HP: 9/16 MP: 0/8
   276 | D:1      | Learned a level 2 spell: Scorch
   495 | D:1      | Reached XP level 3. HP: 19/20 MP: 4/9
  1098 | D:2      | Noticed Jessica
  1103 | D:2      | Killed Jessica
  1104 | D:2      | Reached skill level 1 in Fighting
  1104 | D:2      | Reached XP level 4. HP: 18/25 MP: 8/11
  1616 | D:2      | Found the ring of the Octopus King
  1640 | D:2      | Identified a ring of the Octopus King {AC+1 EV+1 Str+1
                  | Int+1 Dex+1 SInv}
  2107 | D:3      | Found a faded altar of an unknown god.
  2163 | D:3      | Noticed Grinder
  2177 | D:3      | Killed Grinder
  2178 | D:3      | Reached skill level 1 in Shields
  2178 | D:3      | Reached skill level 5 in Fire Magic
  2178 | D:3      | Reached XP level 5. HP: 20/29 MP: 4/13
  2178 | D:3      | Reached XP level 6. HP: 24/34 MP: 4/14
  2580 | D:3      | Noticed Ijyb
  2590 | D:3      | Killed Ijyb
  2675 | D:3      | Found a glowing golden altar of the Shining One.
  3506 | D:4      | Noticed a water moccasin
  3511 | D:4      | Killed a water moccasin
  3512 | D:4      | Reached XP level 7. HP: 39/40 MP: 7/16
  3604 | D:4      | Learned a level 3 spell: Conjure Flame
  3608 | D:4      | Learned a level 3 spell: Inner Flame
  3613 | D:4      | Learned a level 4 spell: Flame Wave
  3716 | D:4      | Found a staircase to the Ecumenical Temple.
  3938 | D:4      | Reached skill level 5 in Spellcasting
  4369 | D:4      | Noticed Eustachio
  4400 | D:5      | Entered Level 5 of the Dungeon
  4724 | D:4      | Reached skill level 5 in Conjurations
  5419 | D:5      | Found a white marble altar of Elyvilon.
  5754 | D:5      | Found Qiufir's Assorted Antiques.
  5821 | D:5      | Bought a scroll labelled NIPSYER FANUCO for 24 gold pieces
  5821 | D:5      | Bought a glowing yellow potion for 21 gold pieces
  5821 | D:5      | Bought 3 scrolls labelled YTATSO ASUWKAO for 72 gold pieces
  5821 | D:5      | Bought a scroll labelled OKKUNL GUKERUG for 24 gold pieces
  5821 | D:5      | Bought a scroll labelled FAQIPHU OGOI for 24 gold pieces
  5945 | D:5      | Reached XP level 8. HP: 45/45 MP: 10/18
  6602 | D:5      | Slain by an ogre

Illustrated notes

Levels and vault maps discovered:
D:1:      sevenhm_arrival_forest_fort_large_2, layout_rooms
D:2:      layout_rooms, minmay_misc_feat_four_crosses, uniq_jessica
D:3:      layout_loops_cross, tso_metal_star, nicolae_ecumenical_oubliette,
          grunt_ministairs_15, uniq_ijyb, uniq_grinder
D:4:      layout_basic, minmay_temple_entry_from_below_a, uniq_eustachio
D:5:      minmay_diamond_boxcup, layout_basic, lemuel_coloured_pillars_altar,
          nicolae_elyvilon_peaceful_grove, serial_shops, nicolae_stop_n_shop_2,
          chequers_serial_rivers_small_3

Skill      XL: |  1  2  3  4  5  6  7  8 |
---------------+-------------------------+-----
Conjurations   | 2 3 4 5 6 |  6.0
Fighting       | 1 2 3 |  3.0
Fire Magic     | 4 5 6 |  6.9
Shields        | 1 2 |  2.9
Spellcasting   | 4 5 |  5.9
Dodging        | |  2.4
Stealth        | |  2.4

Action                   |  1- 3 |  4- 6 |  7- 9 || total
-------------------------+-------+-------+-------++-------
Melee: Short sword       |     1 |     3 |     1 ||     5
 Cast: Foxfire           |    66 |    76 |   104 ||   246
       Scorch            |       |    24 |    33 ||    57
       Inner Flame       |       |       |     1 ||     1
  Use: Scroll            |       |     1 |       ||     1
Armor: Robe              |     6 |     3 |    11 ||    20
Dodge: Dodged            |    26 |    13 |    50 ||    89
Block: Kite shield       |     2 |     8 |    56 ||    66

Table legend: (Time is in decaauts)
 A = Elapsed time spent in this place.
 B = Non-inter-level travel time spent in this place.
 C = Inter-level travel time spent in this place.
 D = Time resting spent in this place.
 E = Time spent auto-exploring this place.
 F = Levels seen in this place.
 G = Mean time per level.
                   A        B        C        D        E       F      G
               +--------+--------+--------+--------+--------+-----+--------+
         Total |   6603 |   6473 |    130 |    459 |   5002 |   5 | 1320.6 |
       Dungeon |   6603 |   6473 |    130 |    459 |   5002 |   5 | 1320.6 |
               +--------+--------+--------+--------+--------+-----+--------+

Top non-repeatable levels by time:
     D:4: 1869 daAuts
     D:3: 1326 daAuts
     D:5: 1285 daAuts
     D:2: 1094 daAuts
     D:1: 1027 daAuts
